 Dungeon Crawl Stone Soup version bcrawl-1.21.3 (webtiles) character file.

Game seed: 11204691264050804980

214 Freyura the Shield-Bearer (level 5, -8/47 HPs)
             Began as a Minotaur Fighter on Mar 26, 2020.
             Was a Follower of Qazlal.
             Killed by nerve-wracking pain
             ... invoked by Grinder
              (11 damage)
             ... on level 3 of the Dungeon.
             The game lasted 00:05:58 (1767 turns).

Freyura the Shield-Bearer (Minotaur Fighter)        Turns: 1767, Time: 00:05:59

Health: -8/47      AC:  7    Str: 20    XL:     5   Next: 59%
Magic:  5/5        EV:  8    Int:  5    God:    Qazlal [*.....]
Gold:   106        SH: 11    Dex: 11    Spells: 4/4 levels left

rFire    . . .     SeeInvis .   d - +2 mace (protect)
rCold    . . .     Gourm    .   c - +0 medium shield
rNeg     . . .     Faith    .   b - +0 scale mail
rPois    .         Spirit   .   (helmet restricted)
rElec    .         Reflect  .   (no cloak)
rCorr    .         Harm     .   (no gloves)
MR       .....                  (no boots)
Stlth    ..........             (no amulet)
HPRegen  0.15/turn              (no ring)
MPRegen  0.09/turn              (no ring)

@: slowed, very slow
A: retaliatory headbutt, horns 2
a: Renounce Religion


You were on level 3 of the Dungeon.
You worshipped Qazlal.
Qazlal was aware of your devotion.
You were not hungry.

You visited 1 branch of the dungeon, and saw 3 of its levels.

You collected 106 gold pieces.

Inventory:

Hand Weapons
 a - a +0 flail
 d - a +2 mace of protection (weapon)
Armour
 b - a +0 scale mail (worn)
 c - a +0 medium shield (worn)
Scrolls
 f - 2 scrolls of identify {unknown}
 g - a scroll of magic mapping {unknown}
 h - 2 scrolls of enchant armour {unknown}
 j - a scroll of fog {unknown}
 k - a scroll of fear {unknown}
Potions
 i - a potion of flight {unknown}
 l - a potion of cancellation {unknown}
 m - a potion of heal wounds {unknown}
Comestibles
 e - 2 rations {!d}
 n - 3 chunks of flesh


   Skills:
 + Level 4.5 Fighting
 * Level 4.3 Maces & Flails
 + Level 4.4 Armour
 + Level 1.3 Dodging
 + Level 4.6 Shields
 + Level 1.5 Invocations


You had 4 spell levels left.
You didn't know any spells.
Your spell library was empty.

Dungeon Overview and Level Annotations

Branches:
Dungeon (3/12)

Altars:
Qazlal

Annotations:
D:3 Grinder


Innate Abilities, Weirdness & Mutations

You reflexively headbutt those who attack you in melee.
You have a pair of horns on your head.


Message History

You block the hound's attack. You block the hobgoblin's attack.
The hound completely misses you.
The hobgoblin hits you but does no damage.
The hound bites you but does no damage. The hound bites you.
The hobgoblin hits you but does no damage.
You see here a +0 mace.
You block the hound's attack. Grinder gestures at you.
Pain shoots through your body!
* * * LOW HITPOINT WARNING * * *
The hobgoblin closely misses you. The hound barely misses you.
You furiously retaliate!
You headbutt the hound.
Things that are here:
a +0 dagger; a +2 leather armour of fire resistance; an orc corpse You barely miss the hobgoblin.
The hound bites you but does no damage. You block the hobgoblin's attack.
The hound bites you.
* * * LOW HITPOINT WARNING * * *
Grinder gestures at you. Pain shoots through your body!
You die...

#.####...........#......
#...# #.................
###.###.................
#..##..........)......
##.###.....<..........
#.##.................
#.##........5........
#>.).......°.h)......
####........@)#.....#
#........g########
...........#
.........#..
......######. ....>.# .#
....# # . #.


You could see Grinder, a hound and a hobgoblin.

Vanquished Creatures
  An orc wizard (D:3)
  Jessica (D:3)
  Natasha (twice) (D:3)
  2 adders (D:3)
  2 oozes (D:1)
  2 worms
  2 dart slugs
  6 leopard geckos
  8 orcs (D:3)
  2 ball pythons
  2 giant cockroaches
  6 goblins
  5 hobgoblins
  9 kobolds
  A quokka (D:3)
  5 bats
  4 frilled lizards
  6 rats
66 creatures vanquished.

Notes
Turn   | Place    | Note
-------+----------+-------------------------------------------
     0 | D:1      | Freyura the Minotaur Fighter began the quest for the Orb.
     0 | D:1      | Reached XP level 1. HP: 19/19 MP: 0/0
   107 | D:1      | Reached XP level 2. HP: 25/27 MP: 1/1
   567 | D:1      | Reached XP level 3. HP: 33/33 MP: 2/2
   989 | D:2      | Found a stormy altar of Qazlal.
  1028 | D:2      | Became a worshipper of Qazlal Stormbringer
  1493 | D:3      | Reached XP level 4. HP: 40/40 MP: 3/3
  1643 | D:3      | Noticed Natasha
  1652 | D:3      | Reached * piety under Qazlal
  1655 | D:3      | Killed Natasha
  1655 | D:3      | Reached skill level 1 in Dodging
  1655 | D:3      | Reached skill level 1 in Invocations
  1713 | D:3      | Noticed Jessica
  1714 | D:3      | Noticed Natasha
  1721 | D:3      | Killed Jessica
  1721 | D:3      | Reached XP level 5. HP: 40/47 MP: 4/4
  1723 | D:3      | Killed Natasha
  1758 | D:3      | Noticed Grinder
  1767 | D:3      | Killed from afar by Grinder

Skill      XL: |  1  2  3  4 |
---------------+-------------+-----
Fighting       | 4 |  4.5
Armour         | 4 |  4.4
Maces & Flails | 3 4 |  4.3
Shields        | 4 |  4.6
Dodging        | 1 |  1.3
Invocations    | 1 |  1.5

Action                   |  1- 3 |  4- 6 || total
-------------------------+-------+-------++-------
Melee: Flail             |    99 |    28 ||   127
       Headbutt          |    19 |     7 ||    26
       Mace              |       |    22 ||    22
  Use: Potion            |       |     1 ||     1
  Eat: Chunk             |     2 |     1 ||     3
Armor: Scale mail        |    40 |    23 ||    63
Dodge: Dodged            |    28 |    15 ||    43
Block: Medium shield     |    43 |    32 ||    75
